 Dungeon Crawl Stone Soup version 0.21.1-1-g345015fe64 (webtiles) character file.

252 Litary the Skirmisher (level 6, -3/48 HPs)
             Began as a Human Wanderer on May 5, 2018.
             Slain by a hound (6 damage)
             ... on level 4 of the Dungeon.
             The game lasted 00:18:13 (3403 turns).

Litary the Skirmisher (Human Wanderer)              Turns: 3403, Time: 00:18:14

Health: -3/48      AC:  2    Str: 12      XL:     6   Next: 36%
Magic:  7/7        EV: 13    Int: 12 (14) God:
Gold:   68         SH:  0    Dex: 13      Spells: 7/7 levels left

rFire    . . .     SeeInvis .   a - +5 spear
rCold    . . .     Gourm    .   (no shield)
rNeg     . . .     Faith    .   c - +0 robe
rPois    .         Spirit   .   (no helmet)
rElec    .         Reflect  .   (no cloak)
rCorr    .         Harm     .   (no gloves)
MR       .....     Rnd*Tele +   (no boots)
Stlth    ++........             (no amulet)
HPRegen  0.16/turn              m - ring of teleportation (curse)
MPRegen  0.10/turn              (no ring)

@: no status effects
A: no striking features
a: no special abilities


You were on level 4 of the Dungeon.
You were not hungry.

You visited 1 branch of the dungeon, and saw 4 of its levels.

You collected 203 gold pieces.
You spent 135 gold pieces at shops.

Inventory:

Hand Weapons
 a - a +5 spear (weapon)
 i - a +0 hunting sling
Missiles
 f - 3 throwing nets (quivered)
 g - 11 arrows
 n - 7 tomahawks of returning
 o - 58 sling bullets
Armour
 c - a +0 robe (worn)
 j - a +0 large shield
Jewellery
 m - a cursed ring of teleportation (left hand)
Potions
 b - a potion of curing
Comestibles
 d - 3 rations


   Skills:
 * Level 4.1 Fighting
 * Level 3.6 Dodging
 + Level 2.7 Stealth
 + Level 1.0 Shields
 - Level 1.0 Spellcasting
   Level 2.0 Charms
   Level 2.0 Poison Magic
   Level 1.0 Evocations


You had 7 spell levels left.
You didn't know any spells.

Dungeon Overview and Level Annotations

Branches:
Dungeon (4/15)
 Temple: D:4-7

Altars:
Okawaru
Sif Muna

Shops:
D:4 ([[!


Message History

You kill the adder!
Your Shields skill increases to level 1!
The hound barely misses you. The hound bites you.
* * * LOW HITPOINT WARNING * * *
The giant cockroach bites you but does no damage.
The hound bites you but does no damage. The hound barely misses you.
The hound bites you.
* * * LOW HITPOINT WARNING * * *
You hit the hound.
The hound is heavily wounded.
The hound bites you.
* * * LOW HITPOINT WARNING * * *
You hit the hound.
The hound is severely wounded.
The hound bites you.
* * * LOW HITPOINT WARNING * * *
The hound bites you.
You die...

#.#.......###.#.###.###
#.#..###### #..∩.......
?(...# ###.#.#####
##.#.## #)..# #.#.#
##### . #. #.##.######
#.....@hs#
..#######.#### #.....##
##...#...####
####...###.....#
..............#
#...#.).).#......
#..##.._.h##.####
##..#.).).# .#


You could see a hound and a giant cockroach.

Vanquished Creatures
  An ogre (D:4)
  An orc priest (D:3)
  5 adders
  2 oozes (D:1)
  2 worms
  3 dart slugs (D:2)
  4 leopard geckos
  7 orcs (D:3)
  7 bats
  5 giant cockroaches
  7 hobgoblins
  2 kobolds (D:1)
  4 frilled lizards
  7 goblins
  4 rats
61 creatures vanquished.

Vanquished Creatures (others)
  2 fungi (D:4)
2 creatures vanquished.

Grand Total: 63 creatures vanquished

Notes
Turn   | Place    | Note
-------+----------+-------------------------------------------
     0 | D:1      | Litary the Human Wanderer began the quest for the Orb.
     0 | D:1      | Litary set off with: a +2 spear, a potion of curing, a +0 robe, a ration
     0 | D:1      | Reached XP level 1. HP: 16/16 MP: 2/2
   107 | D:1      | Reached XP level 2. HP: 19/23 MP: 3/3
   268 | D:1      | Reached XP level 3. HP: 20/28 MP: 4/4
   863 | D:2      | Found a deep blue altar of Sif Muna.
   883 | D:2      | Reached skill level 3 in Fighting
   901 | D:2      | Reached XP level 4. HP: 19/35 MP: 5/5
  2071 | D:3      | Reached XP level 5. HP: 41/41 MP: 6/6
  3098 | D:4      | Found Vurhas's Antique Armour Shop.
  3106 | D:4      | Bought a large shield for 135 gold pieces
  3119 | D:4      | Found Deacalimn's Distillery.
  3185 | D:4      | Noticed an ogre
  3196 | D:4      | Killed an ogre
  3196 | D:4      | Reached skill level 4 in Fighting
  3196 | D:4      | Reached XP level 6. HP: 30/48 MP: 7/7
  3197 | D:4      | Found Gyumeh's Armour Boutique.
  3224 | D:4      | Found Heschogism's Weapon Shoppe.
  3388 | D:4      | Found an iron altar of Okawaru.
  3394 | D:4      | Reached skill level 1 in Shields
  3403 | D:4      | Slain by a hound

Skill      XL: |  1  2  3  4  5  6 |
---------------+-------------------+-----
Dodging        | 2 3 |  3.6
Fighting       | 3 4 |  4.1
Stealth        | 2 |  2.7
Shields        | 1 |  1.0
Spellcasting   | |  1.0
Charms         | |  2.0
Poison Magic   | |  2.0
Evocations     | |  1.0

Action                   |  1- 3 |  4- 6 || total
-------------------------+-------+-------++-------
Melee: Spear             |    69 |   160 ||   229
  Use: Potion            |       |     7 ||     7
       Scroll            |       |     6 ||     6
 Stab: Sleeping          |     6 |     3 ||     9
  Eat: Chunk             |       |     8 ||     8
Armor: Robe              |    18 |    22 ||    40
       Skin              |       |    41 ||    41
Dodge: Dodged            |    52 |   105 ||   157
